 Dungeon Crawl Stone Soup version 0.18.1-8-gdd0e5ea (webtiles) character file.

119772 Jerry the Protected (level 15, -16/134 HPs)
             Began as a Demigod Fighter on May 27, 2016.
             Demolished by Banto's ghost (24 damage)
             ... in an ice cave.
             The game lasted 02:54:56 (30196 turns).

Jerry the Protected (Demigod Fighter)              Turns: 30196, Time: 02:54:57

Health: -16/134    AC: 31    Str: 27    XL:     15   Next: 81%
Magic:  9/9        EV:  7    Int: 14    God:
Gold:   1702       SH: 15    Dex: 15    Spells: 1 memorised, 12 levels left

rFire  + + +     SeeInvis .     O - +4 morningstar "Bank" {drain, rF+ rC+ MP-9 Stlth+}
rCold  + . .     Gourm    .     N - +2 plate armour {rPois}
rNeg   . . .     Faith    .     u - +2 shield {reflect}
rPois  +         Spirit   .     n - +2 helmet
rElec  .         Dismiss  .     b - +2 cloak
rCorr  .         Reflect  +     k - +2 pair of gloves
SustAt +         Harm     .     m - -1 pair of boots (curse)
MR     +....                    x - amulet of regeneration
Stlth  ..........               F - ring of Ruit Kua {+Fly rF+}
                                j - ring of protection from fire

@: somewhat resistant to hostile enchantments, extremely unstealthy
A: high mp 1, mutation resistance 1, shaggy fur 1, sustain attributes
a: Evoke Flight


You were in an ice cave.
You were hungry.

You visited 4 branches of the dungeon, and saw 26 of its levels.
You also visited: Labyrinth, Sewer, Ice Cave and Volcano.

You collected 2898 gold pieces.
You spent 1196 gold pieces at shops.

Inventory:

Hand Weapons
 h - the +7 trident "Muomnion" {flame, Dex+2, unknown}
   (You found it in an ice cave)

   It has been specially enchanted to burn those struck by it, causing extra
   injury to most foes and up to half again as much damage against particularly
   susceptible opponents.
   It affects your dexterity (+2).
 O - the +4 morningstar "Bank" (weapon) {drain, rF+ rC+ MP-9 Stlth+}
   (You bought it in a shop on level 12 of the Dungeon)

   A truly terrible weapon, it drains the life of those it strikes.
   It protects you from fire.
   It protects you from cold.
   It affects your magic capacity (-9).
   It makes you more stealthy.
Missiles
 o - 9 javelins (quivered)
Armour
 b - a +2 cloak (worn)
 k - a +2 pair of gloves (worn)
 m - a cursed -1 pair of boots (worn)
 n - a +2 helmet (worn)
 u - a +2 shield of reflection (worn)
 J - a +2 pair of boots of stealth
 N - a +2 plate armour of poison resistance (worn)
Magical Staves
 P - an uncursed staff of fire
Jewellery
 j - a ring of protection from fire (left hand)
 x - an amulet of regeneration (around neck)
 A - an uncursed amulet of rage
 F - the ring of Ruit Kua (right hand) {+Fly rF+}
   (You found it on level 4 of the Lair of Beasts)

   [ring of protection from fire]

   It protects you from fire.
   It lets you fly.
 L - an uncursed ring of ice {unknown}
Wands
 a - a wand of acid (8/15)
 c - a wand of disintegration (5/24)
 G - a wand of disintegration (9/24)
 K - a wand of iceblast (5/15)
Scrolls
 g - 8 scrolls of teleportation
 r - a scroll of acquirement {unknown}
 t - a scroll of recharging
 v - 6 scrolls of enchant armour
 y - a scroll of vulnerability {unknown}
 C - 9 scrolls of identify
 D - 7 scrolls of remove curse
 E - 5 scrolls of enchant weapon
 M - 2 scrolls of fog
 Q - a scroll of magic mapping
Potions
 d - a potion of cure mutation
 e - 11 potions of curing
 p - 3 potions of cancellation
 B - 2 potions of resistance
 T - 2 potions of haste
Miscellaneous
 w - a sack of spiders
Comestibles
 f - 14 bread rations
 i - 10 meat rations
 q - 5 royal jellies
 s - 11 beef jerkies
 H - 18 fruits
 I - a slice of pizza


   Skills:
 + Level 12.9 Fighting
 + Level 12.6(13.7) Maces & Flails
 - Level 9.4(12.2) Staves
 + Level 14.7 Armour
 + Level 11.7 Shields


You had 12 spell levels left.
You knew the following spells:

 Your Spells              Type           Power        Failure   Level  Hunger
a - Blink                 Tloc           N/A          100%        2    ###....


Dungeon Overview and Level Annotations

Branches:
Dungeon (15/15) Temple (1/1) D:4 Lair (8/8) D:8 Swamp (0/4) Lair:5 Spider (0/4) Lair:5 Slime (0/6) Lair:7 Orc (2/2) D:12 Elf (0/3) Orc:2 Vaults (0/5) D:13 D:14 Depths (0/5) D:15

Shops:
D:12 *   Orc:2 =*[(

Portals:
Hell: Lair:8

Annotations:
D:12 dracos369's ghost, journeyman TrAM IceCv Banto's ghost, adept TrCK


Innate Abilities, Weirdness & Mutations

You have an increased reservoir of magic (+10% MP).
Your attributes are resistant to harm.
You are somewhat resistant to further mutation.
You are covered in fur (AC +1).


Message History

Banto's ghost is severely damaged.
Banto's ghost hits you!!
* * * LOW HITPOINT WARNING * * *
You miss Banto's ghost.
Banto's ghost is severely damaged.
You block Banto's ghost's attack.
You hit Banto's ghost.
Banto's ghost is severely damaged.
Banto's ghost hits you but does no damage.
You miss Banto's ghost.
Banto's ghost is severely damaged.
You hit Banto's ghost.
Banto's ghost is severely damaged.
You block Banto's ghost's attack.
You thump Banto's ghost!
Banto's ghost is severely damaged.
Banto's ghost hits you!!
* * * LOW HITPOINT WARNING * * *
Banto's ghost hits you!!
You die...

## #..## ###..# .####
###..#########..## ....##
#...##.?...##..###
###..####..#...⌠...###..#
.#....####.........##...##
#.###..# ##...#########..#
####...## ###..#######.###
.#####..### #...#.....##
..# ###..####.#@###...#
..# ##..####W##...### ..##
##..###....### ...##
####..####### #...#
##..#..# #.#####...#.##
.#.##...##.## #....#######
######


You could see Banto's ghost.

Vanquished Creatures
  Rupert (D:14)
  Donald (D:14)
  A frost giant (IceCv)
  2 orc warlords
  Maud (Orc:1)
  A very ugly thing (D:12)
  The ghost of Gargoyl the Protected, a journeyman DsAK of Lugonu (Lair:6)
  A dire elephant (Lair:8)
  A minotaur (Lab)
  The ghost of Gargoyl the Cleaver, a journeyman DsAK of Lugonu (Lair:5)
  Harold (D:12)
  8 hydras
  Erica (Lair:2)
  A death knight (D:14)
  3 centaur warriors
  5 death yaks
  A queen ant (Lair:5)
  2 tengu warriors (D:14)
  3 orc high priests (Orc:2)
  A sun demon (Lair:8)
  A fire crab (Lair:8)
  4 wizards
  A skeletal warrior (D:14)
  2 unseen horrors
  4 hill giants
  6 orc knights
  Pikel (D:9)
  A griffon (Lair:7)
  3 manticores
  A deep elf mage (D:15)
  7 orc sorcerers
  6 ugly things (D:12)
  A sixfirhy (Lair:8)
  12 elephants
  Maurice (D:8)
  3 cyclopes
  A smoke demon (Lair:8)
  5 black mambas
  17 spiny frogs
  2 ice statues
  A gargoyle (D:11)
  4 orange demons (Lair:8)
  5 kobold demonologists
  17 komodo dragons
  4 rime drakes
  4 trolls
  4 red devils (Lair:8)
  4 jumping spiders (Lair:5)
  23 polar bears
  A two-headed ogre (shapeshifter) (D:14)
  A harpy zombie (D:14)
  3 slime creatures (D:13)
  26 blink frogs
  Grinder (D:5)
  Prince Ribbit (D:6)
  A two-headed ogre (D:14)
  A shadow (D:14)
  5 redbacks (Lair:5)
  A spriggan (D:7)
  A water elemental (D:14)
  A tarantella (shapeshifter) (D:13)
  A wyvern (D:10)
  A vampire (D:12)
  41 yaks
  5 wraiths
  2 basilisks
  16 humans
  Grum (D:9)
  2 steam dragons
  9 hippogriffs
  10 vampire mosquitoes (D:14)
  5 swamp worms (Lair:5)
  4 soldier ants (Lair:5)
  2 hell hounds (Lair:8)
  16 porcupines
  13 water moccasins
  44 orc warriors
  Purgy (Sewer)
  6 ice beasts
  A black bear (D:8)
  2 phantoms
  4 sky beasts
  12 ogres
  A necrophage (D:10)
  33 wolves
  14 centaurs
  20 crocodiles
  2 big kobolds
  Blork the orc (D:6)
  19 giant frogs
  A wyvern skeleton (D:6)
  3 scorpions
  15 killer bees
  8 wights
  5 electric eels
  3 howler monkeys (D:12)
  8 crimson imps
  A giant frog zombie (D:10)
  10 hounds
  7 jellies
  3 quasits
  3 centaur zombies
  37 orc priests
  4 centaur skeletons
  A giant frog skeleton (D:6)
  Ijyb (D:2)
  31 orc wizards
  11 iguanas
  37 worker ants
  5 hell rats (Lair:5)
  A killer bee zombie (D:6)
  4 sheep (Lair:3)
  2 hound zombies
  A hound skeleton (D:7)
  15 adders
  55 river rats
  2 shadow imps
  3 oozes
  An adder skeleton (D:5)
  An adder zombie (D:9)
  3 worms
  12 dart slugs
  7 giant geckos
  99 orcs
  7 ball pythons
  5 giant cockroaches
  8 goblins
  11 hobgoblins
  7 jackals
  22 kobolds
  4 quokkas
  4 bats
  A giant gecko skeleton (D:3)
  8 giant newts
  2 quokka skeletons
  12 rats
  2 fungi
  A plant (Lair:8)
1007 creatures vanquished.

Vanquished Creatures (others)
  A centaur warrior (D:14)
  A water moccasin (Lair:8)
  3 centaurs
  A killer bee zombie (D:9)
  A shadow imp (D:9)
  A quokka (D:9)
  A quokka skeleton (D:9)
  A quokka zombie (D:8)
  A bush (Lair:8)
  24 fungi
  11 plants
46 creatures vanquished.

Grand Total: 1053 creatures vanquished

Notes
Turn   | Place    | Note
--------------------------------------------------------------
     0 | D:1      | Jerry the Demigod Fighter began the quest for the Orb.
     0 | D:1      | Reached XP level 1. HP: 18/18 MP: 3/3
   189 | D:1      | Reached XP level 2. HP: 24/26 MP: 4/4
   704 | D:2      | Found a glowing golden altar of the Shining One.
   715 | D:2      | Reached skill level 3 in Armour
   715 | D:2      | Reached XP level 3. HP: 21/31 MP: 5/5
  1403 | D:2      | Noticed Ijyb
  1411 | D:2      | Killed Ijyb
  1411 | D:2      | Reached XP level 4. HP: 38/38 MP: 6/6
  1518 | D:2      | Found a faded altar to an unknown god.
  2217 | D:3      | Reached skill level 4 in Armour
  2217 | D:3      | Reached XP level 5. HP: 31/45 MP: 7/7
  2474 | D:3      | You fall through a shaft!
  2539 | D:4      | Noticed a phantom
  2591 | D:4      | Killed a phantom
  3097 | D:4      | Noticed an ogre
  3618 | D:4      | Reached XP level 6. HP: 48/51 MP: 8/8
  3673 | D:4      | Found a glowing golden altar of the Shining One.
  3698 | D:4      | Found a staircase to the Ecumenical Temple.
  3704 | D:4      | Got a crude quarterstaff
  3711 | Temple   | Entered the Ecumenical Temple
  3714 | Temple   | Reached skill level 5 in Armour
  3795 | Temple   | Identified the +9 quarterstaff of Tortfeasance {flame, Str+4 Dex+4} (You found it on level 4 of the Dungeon)
  3977 | D:4      | Reached skill level 1 in Staves
  4285 | D:5      | Entered Level 5 of the Dungeon
  4432 | D:5      | Reached XP level 7. HP: 57/57 MP: 9/9
  4738 | D:5      | Gained mutation: You are somewhat resistant to further mutation. [mutagenic meat]
  4739 | D:5      | Gained mutation: You are covered in fur (AC +1). [mutagenic meat]
  4776 | D:5      | Noticed Grinder
  4776 | D:5      | Paralysed by Grinder for 5 turns
  4783 | D:5      | Killed Grinder
  4783 | D:5      | Reached skill level 6 in Armour
  4799 | D:5      | Found a bloodstained altar of Trog.
  4799 | D:5      | Found an iron altar of Okawaru.
  4945 | D:5      | Found a shattered altar of Ashenzari.
  5148 | D:6      | Reached XP level 8. HP: 41/63 MP: 10/10
  5152 | D:6      | Noticed Prince Ribbit
  5163 | D:6      | Found a glowing drain.
  5324 | D:6      | Killed Prince Ribbit
  5324 | D:6      | Reached skill level 7 in Armour
  5341 | D:6      | Reached skill level 5 in Staves
  5364 | Sewer    | Entered a sewer
  5508 | Sewer    | Noticed Purgy
  5513 | Sewer    | Killed Purgy
  5961 | D:6      | Noticed Blork the orc
  5977 | D:6      | Killed Blork the orc
  6485 | D:6      | Reached skill level 8 in Armour
  6681 | D:7      | Reached XP level 9. HP: 46/71 MP: 11/11
  8204 | D:8      | Reached skill level 5 in Fighting
  8524 | D:8      | Reached skill level 9 in Armour
  8530 | D:8      | Found a staircase to the Lair.
  8552 | D:8      | Noticed Maurice
  8558 | D:8      | Killed Maurice
  9005 | D:9      | Reached XP level 10. HP: 78/83 MP: 13/13
  9072 | D:9      | Found a glowing silver altar of Zin.
  9072 | D:9      | Found an oddly glowing altar of Pakellas.
  9074 | D:9      | Found a sacrificial altar of Ru.
  9079 | D:9      | Found a snail-covered altar of Cheibriados.
  9216 | D:9      | Noticed Pikel
  9238 | D:9      | Killed Pikel
  9445 | D:9      | Found a white marble altar of Elyvilon.
  9540 | D:9      | Found a burning altar of Makhleb.
  9571 | D:9      | Found a basalt altar of Yredelemnul.
  9650 | D:9      | Found a shattered altar of Ashenzari.
  9798 | D:10     | Entered Level 10 of the Dungeon
  9894 | D:10     | Noticed a wizard
  9916 | D:10     | Killed a wizard
  9916 | D:10     | Reached skill level 10 in Armour
 10222 | D:10     | Noticed a hill giant
 10241 | D:10     | Noticed Grum
 10468 | D:9      | Killed Grum
 11009 | D:11     | Reached XP level 11. HP: 93/93 MP: 14/14
 11168 | D:11     | Killed an unseen horror
 11624 | D:11     | Reached skill level 5 in Maces & Flails
 11833 | D:11     | Found a sacrificial altar of Ru.
 12023 | D:11     | Reached skill level 11 in Armour
 12159 | D:11     | Noticed a hill giant
 12174 | D:11     | Killed a hill giant
 12489 | D:10     | Killed a hill giant
 12775 | D:12     | Noticed a hill giant
 12783 | D:12     | Killed a hill giant
 13073 | D:12     | Found a staircase to the Orcish Mines.
 13083 | D:12     | Noticed Harold
 13098 | D:12     | Killed Harold
 13211 | D:12     | Found Ythealyn's Assorted Antiques.
 13216 | D:12     | Bought a pitted morningstar for 261 gold pieces
 13216 | D:12     | Identified the +4 morningstar "Bank" {drain, rF+ rC+ MP-9 Stlth+} (You bought it in a shop on level 12 of the Dungeon)
 13257 | D:12     | Noticed dracos369's ghost (journeyman TrAM)
 13385 | Lair:1   | Entered Level 1 of the Lair of Beasts
 13405 | Lair:1   | Found a dark tunnel.
 13469 | Volcano  | Entered a volcano
 13488 | Volcano  | Found a bloodstained altar of Trog.
 13491 | Volcano  | Noticed an orc knight
 13522 | Volcano  | Killed an orc knight
 14296 | Lair:1   | Reached XP level 12. HP: 93/103 MP: 6/15
 14671 | Lair:2   | Noticed Erica
 14678 | Lair:2   | Killed Erica
 14743 | Lair:2   | Reached skill level 5 in Shields
 15748 | Lair:3   | Noticed a six-headed hydra
 15756 | Lair:3   | Killed a six-headed hydra
 16831 | Lair:4   | Reached skill level 12 in Armour
 17158 | Lair:4   | Noticed a six-headed hydra
 17172 | Lair:4   | Killed a six-headed hydra
 17263 | Lair:4   | Reached XP level 13. HP: 111/111 MP: 7/16
 17463 | Lair:4   | Got a crude lapis lazuli ring
 17465 | Lair:4   | Identified the ring of Ruit Kua {+Fly rF+} (You found it on level 4 of the Lair of Beasts)
 18306 | Lair:5   | Found a staircase to the Swamp.
 18424 | Lair:5   | Noticed Gargoyl's ghost (journeyman DsAK)
 18457 | Lair:5   | Killed Gargoyl's ghost
 18478 | Lair:5   | Reached skill level 10 in Fighting
 18735 | Lair:5   | Found a hole to the Spider Nest.
 18758 | Lair:5   | Reached skill level 10 in Maces & Flails
 19456 | Lair:6   | Noticed Gargoyl's ghost (journeyman DsAK)
 19522 | Lair:6   | Killed Gargoyl's ghost
 19937 | Lair:6   | Reached skill level 13 in Armour
 20264 | Lair:7   | Found a labyrinth entrance.
 20279 | Lair:7   | Found a viscous altar of Jiyva.
 20280 | Lair:7   | Found a staircase to the Slime Pits.
 20356 | Lab      | Entered a labyrinth
 21104 | Lair:7   | Reached XP level 14. HP: 122/122 MP: 8/17
 21508 | Lair:8   | Entered Level 8 of the Lair of Beasts
 22504 | Lair:8   | Found a burning altar of Makhleb.
 22624 | Lair:8   | Reached skill level 10 in Shields
 22842 | Lair:8   | Found a gateway to Hell.
 23617 | Orc:1    | Entered Level 1 of the Orcish Mines
 23851 | Orc:1    | Found a bloodstained altar of Trog.
 23919 | Orc:1    | Noticed Maud
 23961 | Orc:1    | Killed Maud
 23983 | Orc:1    | Found a roughly hewn altar of Beogh.
 24332 | Orc:1    | Found a roughly hewn altar of Beogh.
 24413 | Orc:2    | Entered Level 2 of the Orcish Mines
 24521 | Orc:2    | Noticed an orc warlord
 24711 | Orc:2    | Killed an orc warlord
 24745 | Orc:2    | Found a staircase to the Elven Halls.
 25213 | Orc:2    | Noticed an orc warlord
 25333 | Orc:1    | Killed an orc warlord
 25752 | Orc:2    | Reached skill level 14 in Armour
 25912 | Orc:2    | Paralysed by an orc sorcerer for 4 turns
 25951 | Orc:2    | Found Docusa's Antique Armour Boutique.
 25952 | Orc:2    | Found Gulos's Antique Weapon Shop.
 25955 | Orc:2    | Found Zuw Curch's General Store.
 25955 | Orc:2    | Found Lenebue's Jewellery Boutique.
 25987 | Orc:2    | Bought a pair of boots for 153 gold pieces
 26177 | Orc:2    | Bought a shiny plate armour for 782 gold pieces
 26434 | D:12     | Reached XP level 15. HP: 124/132 MP: 9/18
 27470 | D:14     | Found a gate to the Vaults.
 27470 | D:14     | Noticed Donald
 27470 | D:14     | Noticed Rupert
 27727 | D:14     | Killed Donald
 27826 | D:14     | Killed Rupert
 28976 | D:15     | Entered Level 15 of the Dungeon
 29127 | D:15     | Found a frozen archway.
 29149 | D:15     | Learned a level 2 spell: Blink
 29174 | IceCv    | Entered an ice cave
 29267 | IceCv    | Got a crystal trident
 30011 | IceCv    | Noticed Banto's ghost (adept TrCK)
 30188 | IceCv    | HP: 2/134 [Banto's ghost (30)]
 30196 | IceCv    | Demolished by Banto's ghost

Skill      XL: |  1  2  3  4  5  6  7  8  9 10 11 12 13 14 15 |
---------------+----------------------------------------------+-----
Maces & Flails | 2 3 4 7 9 10 11 12 | 12.6
Fighting       | 3 4 6 7 8 9 10 12 | 12.9
Armour         | 3 4 5 6 8 9 10 11 12 13 14 | 14.7
Staves         | 2 4 6 7 9 |  9.4
Shields        | 4 7 9 10 11 | 11.7

Action                   |  1- 3 |  4- 6 |  7- 9 | 10-12 | 13-15 || total
-------------------------+-------+-------+-------+-------+-------++-------
Melee: Flail             |   147 |   177 |       |       |       ||   324
       Quarterstaff      |       |    25 |   247 |   417 |       ||   689
       Morningstar       |       |       |       |   514 |  2444 ||  2958
Throw: Javelin           |       |       |     4 |       |    12 ||    16
Evoke: Wand              |       |       |       |    10 |     2 ||    12
  Use: Scroll            |     3 |     8 |     5 |    16 |     7 ||    39
       Potion            |     1 |       |     1 |     6 |     8 ||    16
 Stab: Distracted        |       |       |       |       |     1 ||     1
  Eat: Chunk             |     2 |    10 |    27 |    20 |    44 ||   103
       Pizza             |       |       |       |       |     1 ||     1
Armor: Scale mail        |    69 |   109 |   103 |       |       ||   281
       Plate armour      |       |       |     8 |   566 |  1386 ||  1960
       Chain mail        |       |       |       |   138 |       ||   138
Dodge: Dodged            |    55 |   116 |   133 |   372 |   509 ||  1185
Block: Shield            |    47 |       |       |   473 |  1858 ||  2378
       Reflection        |       |       |       |       |    54 ||    54
